 Dungeon Crawl Stone Soup version 0.28-a0-704-g4d584c6bc1 (webtiles) character file.

Game seed: 14751922523817289928

251 Conn the Sneak (level 6, 0/55 HPs)
             Began as an Octopode Fire Elementalist on Oct 24, 2021.
             Slain by a kobold brigand (7 damage)
             ... in a sewer.
             The game lasted 00:04:40 (3295 turns).

Conn the Sneak (Octopode Fire Elementalist)         Turns: 3295, Time: 00:04:42

Health: 0/55       AC:  1    Str:  8    XL:     6   Next: 13%
Magic:  4/10       EV: 13    Int: 19    God:
Gold:   71         SH:  0    Dex: 12    Spells: 6/10 levels left

rFire   . . .      SeeInvis .   a - +3 short sword
rCold   . . .      Faith    .   (no shield)
rNeg    . . .      Spirit   .   (helmet restricted)
rPois   .          Reflect  .   (no amulet)
rElec   .          Harm     .   (no ring)
rCorr   .          Rampage  .   (no ring)
Will    .....                   (no ring)
Stlth   ..........              (no ring)
HPRegen 0.18/turn               (no ring)
MPRegen 0.12/turn               (no ring)
                                (no ring)
                                (no ring)

@: berserking, lethally poisoned (0 -> -9), very slightly contaminated, slowed
A: almost no armour, amphibious, 8 rings, camouflage 1, gelatinous body 1,
(nimble swimmer 1), tentacles
a: no special abilities


You were in a sewer.
You visited 1 branch of the dungeon, and saw 3 of its levels.
You also visited: Sewer.

You collected 71 gold pieces.

Inventory:

Hand Weapons
 a - a +3 short sword (weapon)
Missiles
 b - 12 poisoned darts
 m - a curare-tipped dart
Scrolls
 d - a scroll of blinking {unknown}
 g - 2 scrolls of teleportation {unknown}
 h - a scroll of enchant weapon {unknown}
 i - a scroll of silence {unknown}
 j - a scroll of magic mapping {unknown}
Potions
 e - a potion of curing {unknown}
 f - a potion of cancellation {unknown}
 k - a potion of magic {unknown}
 l - a potion of heal wounds {unknown}


   Skills:
 + Level 0.8 Fighting
 + Level 1.3 Short Blades
 + Level 2.4 Dodging
 + Level 5.0 Stealth
 + Level 2.9 Spellcasting
 + Level 2.3 Conjurations
 + Level 4.1 Fire Magic


You had 6 spell levels left.
You knew the following spells:

 Your Spells              Type           Power      Damage    Failure   Level
a - Foxfire               Conj/Fire      60%        2x1d7     4%          1
b - Conjure Flame         Conj/Fire      15%        6-21      12%         3

Your spell library contained the following spells:

 Spells                   Type           Power      Damage    Failure   Level
 Scorch                   Fire           36%        2d7       4%          2
 Inner Flame              Hex/Fire       10%        N/A       21%         3
 Ignite Poison            Fire/Tmut/Pois 7%         N/A       26%         3
 Mephitic Cloud           Conj/Pois/Air  5%         N/A       32%         3
 Flame Wave               Conj/Fire      15%        3d5       38%         4
 Gell's Gravitas          Tloc           1%         N/A       43%         3
 Teleport Other           Tloc           2%         N/A       43%         3
 Freezing Cloud           Conj/Ice/Air   2%         6-21      97%         5
 Dispersal                Tloc           1%         N/A       100%        6
 Malign Gateway           Summ/Tloc      1%         N/A       100%        7
 Summon Horrible Things   Summ           1%         N/A       100%        8


Dungeon Overview and Level Annotations

Branches:
Dungeon (3/15)              Sewer (1/1)

Altars:
Ru


Innate Abilities, Weirdness & Mutations

You cannot wear most types of armour.
You are amphibious.
You can wear up to eight rings at the same time.
Your skin changes colour to match your surroundings (Stealth+).
Your rubbery body absorbs attacks. (AC +1, EV +1)
((You are camouflaged near water. (Stealth+)))
You have tentacles for arms and can constrict up to eight enemies at once.


Message History

You feel sick.
The foxfire hits the endoplasm.
You kill the endoplasm!
Unknown command.
Casting: Foxfire (safe; 4% risk of failure)
Confirm with . or Enter, or press ? or * to list all spells.
You conjure some foxfire!
You feel sick.
Unknown command.
You feel sick.
Unknown command.
Casting: Foxfire (safe; 4% risk of failure)
Confirm with . or Enter, or press ? or * to list all spells.
You conjure some foxfire!
You feel sick.
You are no longer poisoned.
Your foxfire dissipates! x2
Unknown command.
Casting: Foxfire (safe; 4% risk of failure)
Confirm with . or Enter, or press ? or * to list all spells.
You conjure some foxfire!
The kobold brigand throws a curare-tipped dart.
The curare-tipped dart hits you.
You are poisoned.
You have difficulty breathing.
* * * LOW HITPOINT WARNING * * *
You feel as though you will be slow longer.
Okay, then.
Okay, then.
It was a potion of berserk rage.
A red film seems to cover your vision as you go berserk!
You feel yourself moving faster!
You feel mighty!
* * * LOW HITPOINT WARNING * * *
You feel very sick.
The foxfire hits the kobold brigand but does no damage.
The foxfire hits the kobold brigand.
The kobold brigand is lightly wounded.
The foxfire hits the kobold brigand.
The kobold brigand is moderately wounded.
The foxfire hits the kobold brigand.
The kobold brigand is moderately wounded.
The kobold brigand hits you with a +0 whip!
You die...

..####..≈≈≈≈≈≈≈###
####..≈.≈≈≈≈≈≈≈.≈##
#≈≈≈≈.#####..≈≈≈#
#.≈..## ##≈.≈≈#
#≈≈.## ##..≈# #≈≈≈#
#.≈.# #.≈≈# #.≈§#
##≈≈≈## ##§..##
#≈≈≈)≈# #≈§@K≈#
#≈###≈# #≈###≈# #≈#
#≈# #≈# #§#
##.###.## #≈# #K#
#≈..#≈≈≈# .≈≈ ≈≈≈
#†#≈#≈#≈# ≈#≈#≈#≈#
#≈#≈#≈#≈# #≈ ≈#≈ ≈#
#≈#≈#≈#≈# #≈ ≈#≈ ≈#
#.#.#.#.# #. .#


You could see a kobold brigand.

Vanquished Creatures
  A kobold brigand (Sewer)
  Jessica (D:2)
  4 adders
  3 river rats
  3 worms (Sewer)
  3 dart slugs
  8 bats
  10 endoplasms
  4 giant cockroaches
  7 goblins
  3 hobgoblins
  2 jackals (D:1)
  7 kobolds
  2 quokkas
  7 ball pythons
  5 frilled lizards
  9 rats
79 creatures vanquished.

Vanquished Creatures (others)
  148 foxfires
  2 fungi (D:1)
  A plant (D:1)
151 creatures vanquished.

Grand Total: 230 creatures vanquished

Notes
Turn   | Place    | Note
-------+----------+-------------------------------------------
     0 | D:1      | Conn the Octopode Fire Elementalist began the quest for the
                  | Orb.
     0 | D:1      | Reached XP level 1. HP: 11/11 MP: 3/3
   140 | D:1      | Reached XP level 2. HP: 11/17 MP: 1/5
   295 | D:1      | Reached skill level 3 in Stealth
   829 | D:1      | Reached XP level 3. HP: 21/21 MP: 6/6
   833 | D:1      | Learned a level 3 spell: Conjure Flame
   850 | D:1      | Found a faded altar of an unknown god.
  1731 | D:2      | Noticed Jessica
  1735 | D:2      | Killed Jessica
  1736 | D:2      | Reached XP level 4. HP: 27/27 MP: 7/7
  1833 | D:2      | Found a sacrificial altar of Ru.
  2476 | D:3      | Reached skill level 1 in Short Blades
  2476 | D:3      | Reached skill level 4 in Stealth
  2479 | D:3      | Found a glowing drain.
  2504 | D:3      | Reached XP level 5. HP: 23/32 MP: 0/8
  2587 | Sewer    | Entered a sewer
  3113 | Sewer    | Noticed a kobold brigand
  3126 | Sewer    | Killed a kobold brigand
  3127 | Sewer    | Reached skill level 5 in Stealth
  3127 | Sewer    | Reached XP level 6. HP: 32/37 MP: 1/10
  3295 | Sewer    | Slain by a kobold brigand

Illustrated notes

Levels and vault maps discovered:
D:1:      sevenhm_arrival_forest_fort_small_3, layout_basic,
          shapermc_ecumenical_altar_mp_urbaneastern, st_stairs_8
D:2:      layout_loops_ring, basic_altar, uniq_jessica
D:3:      layout_rooms, portal_sewer_entry_a
Sewer:    sewer_co_tree

Skill      XL: |  1  2  3  4  5 |
---------------+----------------+-----
Stealth        | 3 4 5 |  5.0
Short Blades   | 1 |  1.3
Conjurations   | 2 |  2.3
Fire Magic     | 4 |  4.1
Fighting       | |  0.8
Dodging        | |  2.4
Spellcasting   | |  2.9

Action                   |  1- 3 |  4- 6 || total
-------------------------+-------+-------++-------
Melee: Unarmed           |     6 |       ||     6
       Constrict         |     8 |     4 ||    12
       Tentacles         |     6 |     2 ||     8
       Short sword       |    31 |    25 ||    56
 Cast: Foxfire           |    32 |    65 ||    97
  Use: Potion            |       |     1 ||     1
 Stab: Sleeping          |     6 |     6 ||    12
Armor: Skin              |       |     3 ||     3
Dodge: Dodged            |    19 |    18 ||    37

Table legend: (Time is in decaauts)
 A = Elapsed time spent in this place.
 B = Non-inter-level travel time spent in this place.
 C = Inter-level travel time spent in this place.
 D = Time resting spent in this place.
 E = Time spent auto-exploring this place.
 F = Levels seen in this place.
 G = Mean time per level.
                   A        B        C        D        E       F      G
               +--------+--------+--------+--------+--------+-----+--------+
         Total |   3301 |   3229 |     72 |     55 |   2591 |   4 |  825.2 |
       Dungeon |   2589 |   2517 |     72 |     55 |   2030 |   3 |  863.0 |
         Sewer |    711 |    711 |      0 |      0 |    561 |   1 |  711.0 |
               +--------+--------+--------+--------+--------+-----+--------+

Top non-repeatable levels by time:
     D:1: 1616 daAuts
     D:2: 834 daAuts
   Sewer: 711 daAuts
     D:3: 139 daAuts
